 Dungeon Crawl Stone Soup version 0.29-a0-330-g52719c12eb (webtiles) character file.

Game seed: 9092059439280984526

2662 night the Archer (level 9, -4/67 HPs)
             Began as a Green Draconian Hunter on May 5, 2022.
             Was a Priest of Trog.
             Slain by a sky beast (6 damage)
             ... on level 7 of the Dungeon on May 6, 2022.
             The game lasted 00:13:01 (6510 turns).

night the Archer (Green Draconian Hunter)           Turns: 6510, Time: 00:13:02

Health: -4/67      AC:  9    Str: 13    XL:     9   Next: 36%
Magic:  9/9        EV: 12    Int: 10    God:    Trog [***...]
Gold:   372        SH:  0    Dex: 19    Spells: 8/8 levels left

rFire   . . .      SeeInvis .   C - +2 falchion (vamp)
rCold   . . .      Faith    .   (no shield)
rNeg    . . .      Spirit   .   (body armour unavailable)
rPois   +          Reflect  .   (helmet restricted)
rElec   .          Harm     .   (no cloak)
rCorr   .          Rampage  .   f - +1 pair of gloves
Will    .....                   (no boots)
Stlth   +.........              (no amulet)
HPRegen 0.21/turn               (no ring)
MPRegen 0.11/turn               (no ring)

@: very slow
A: breathe noxious fumes, AC +7, unfitting armour, poison resistance,
cold-blooded
a: Breathe Noxious Fumes, Renounce Religion, Berserk, Trog's Hand


You were on level 7 of the Dungeon.
You worshipped Trog.
Trog was most pleased with you.
You visited 1 branch of the dungeon, and saw 8 of its levels.
You also visited: Sewer.

You collected 372 gold pieces.

Inventory:

Hand Weapons
 a - a +2 vorpal shortbow
 e - a +0 dagger of venom
 m - a +1 short sword of venom
 y - a +4 falchion of protection
 C - a +2 vampiric falchion (weapon)
Missiles
 c - 89 stones
 j - 3 silver boomerangs
 q - 18 poisoned darts
 I - 2 throwing nets
Armour
 f - a +1 pair of gloves (worn)
Jewellery
 n - a +6 ring of intelligence
 B - a ring of magical power
 D - a ring of magical power
Wands
 x - a wand of iceblast (7)
Scrolls
 b - 3 scrolls of immolation
 d - 2 scrolls of vulnerability
 i - a scroll of fog
 o - a scroll of torment
 s - 3 scrolls of identify
 A - 2 scrolls of blinking
 E - 2 scrolls of teleportation
 F - a scroll of enchant weapon
 G - 2 scrolls of silence
Potions
 g - a potion of heal wounds {unknown}
 k - 2 potions of haste {unknown}
 l - 4 potions of might {unknown}
 p - 2 potions of mutation {unknown}
 r - 2 potions of curing
 t - a potion of ambrosia {unknown}
 u - a potion of berserk rage {unknown}
 v - 4 potions of brilliance {unknown}
 w - 2 potions of flight {unknown}
 z - a potion of attraction {unknown}
 H - a potion of invisibility {unknown}


   Skills:
 - Level 2.1 Fighting
 + Level 8.7 Long Blades
 + Level 9.4 Bows
 - Level 1.7 Dodging
 - Level 0.8 Stealth


You had 8 spell levels left.
You didn't know any spells.
Your spell library contained the following spells:

 Spells                   Type           Power      Damage    Failure   Level
 Sandblast                Erth           0%         2d4       36%         1
 Shock                    Conj/Air       0%         1d3       36%         1
 Summon Small Mammal      Summ           0%         N/A       36%         1
 Passwall                 Tmut/Erth      0%         N/A       50%         2
 Call Canine Familiar     Summ           0%         N/A       75%         3
 Inner Flame              Hex/Fire       0%         N/A       75%         3
 Stone Arrow              Conj/Erth      0%         3d7       75%         3
 Summon Guardian Golem    Hex/Summ       0%         N/A       75%         3
 Swiftness                Air            0%         N/A       75%         3
 Airstrike                Air            0%         N/A       98%         4
 Cause Fear               Hex            0%         N/A       98%         4
 Discord                  Hex            0%         N/A       100%        8


Dungeon Overview and Level Annotations

Branches:
Dungeon (8/15)             Temple (0/1) D:7           Sewer (visited)
   Lair: D:8-11

Altars:
Trog

Shops:
D:2 (   D:5 *


Innate Abilities, Weirdness & Mutations

You can breathe blasts of noxious fumes.
Your lurid green scales are hard. (AC +7)
You cannot fit into any form of body armour.
Your system is resistant to poisons. (rPois)
You are cold-blooded and may be slowed by cold attacks.


Message History

Deactivating autopickup; reactivate with Ctrl-A.
You are too injured to fight recklessly!
Something hits you but does no damage. Something hits you.
Something shocks you.
* * * LOW HITPOINT WARNING * * *
Something hits you.
* * * LOW HITPOINT WARNING * * *
Something shocks you.
* * * LOW HITPOINT WARNING * * *
You enter the shallow water.
Moving in this stuff is going to be slow.
Something hits you but does no damage.
You closely miss something. Something hits you but does no damage.
Your unstable footing causes you to fumble your attack.
Something barely misses you.
You miss something. Something hits you but does no damage.
Your unstable footing causes you to fumble your attack.
Something hits you but does no damage.
Your unstable footing causes you to fumble your attack.
Something hits you but does no damage.
You miss something. You miss something. Something hits you but does no damage.
Your unstable footing causes you to fumble your attack.
Something hits you but does no damage.
Your unstable footing causes you to fumble your attack.
You have got your breath back.
Something hits you but does no damage.
You miss something. Something hits you but does no damage.
Your unstable footing causes you to fumble your attack.
Your unstable footing causes you to fumble your attack.
Something hits you.
* * * LOW HITPOINT WARNING * * *
Something shocks you.
* * * LOW HITPOINT WARNING * * *
Your unstable footing causes you to fumble your attack.
Something hits you but does no damage.
You miss something. You punch something. Something hits you.
* * * LOW HITPOINT WARNING * * *
Something shocks you.
You die...

#.........#####.#.###....#
#..
#.........##............##
#..
..........##..........#.##
###
..........##.............#
..............<.......##.#
.....................###.##
..........##.........#
#..#######
#........###..>......#
##).)..... .......>##
#....@{...# #########
......### #.........#
......# ########### ......#
......# ......# ......#
#######


There were no monsters in sight!

Vanquished Creatures
  Pikel (D:7)
  A wyvern (D:7)
  A steam dragon (D:7)
  Menkaure (D:5)
  A black bear (D:7)
  Pargi (Sewer)
  2 ice beasts (D:7)
  A sky beast (D:6)
  An ogre (D:7)
  3 centaurs
  A lemure (D:7)
  A phantom (D:4)
  2 bullfrogs
  A gnoll sergeant (D:7)
  2 scorpions (D:6)
  3 wights (D:4)
  A jelly (D:7)
  A hound (D:5)
  5 orc priests
  Terence (D:2)
  Ijyb (D:4)
  2 orc wizards
  5 gnolls (D:7)
  4 adders
  A river rat (D:4)
  2 white imps
  An ufetubus (D:6)
  3 worms (D:2)
  3 dart slugs
  15 orcs
  7 ball pythons
  15 endoplasms
  4 giant cockroaches
  4 goblins
  7 hobgoblins
  4 quokkas
  4 bats
  4 frilled lizards
  9 kobolds
  5 rats
131 creatures vanquished.

Notes
Turn   | Place    | Note
-------+----------+-------------------------------------------
     0 | D:1      | night the Draconian Hunter began the quest for the Orb.
     0 | D:1      | Reached XP level 1. HP: 17/17 MP: 1/1
    97 | D:1      | Found a faded altar of an unknown god.
   101 | D:1      | Prayed at the altar of an unknown god.
   101 | D:1      | Became a worshipper of Trog the Wrathful
   101 | D:1      | Reached * piety under Trog
   107 | D:1      | Reached skill level 4 in Bows
   182 | D:1      | Reached XP level 2. HP: 24/24 MP: 2/2
   535 | D:1      | You fall into a shaft and drop 1 floor!
   544 | D:2      | Reached XP level 3. HP: 29/29 MP: 3/3
  1023 | D:2      | Reached ** piety under Trog
  1113 | D:2      | Found Eriruekh's Antique Weapon Emporium.
  1208 | D:2      | Noticed Terence
  1214 | D:2      | Killed Terence
  1215 | D:2      | Reached skill level 1 in Long Blades
  1215 | D:2      | Reached XP level 4. HP: 36/36 MP: 4/4
  1219 | D:2      | Reached skill level 5 in Bows
  1560 | D:3      | Reached skill level 2 in Long Blades
  1917 | D:4      | Noticed Ijyb
  1930 | D:4      | Killed Ijyb
  1931 | D:4      | Reached XP level 5. HP: 25/41 MP: 5/5
  1969 | D:4      | Found a glowing drain.
  1973 | Sewer    | Entered a sewer
  2234 | Sewer    | Noticed Pargi
  2242 | Sewer    | Killed Pargi
  2351 | D:4      | Reached XP level 6. HP: 32/48 MP: 6/6
  2462 | D:4      | Reached skill level 6 in Bows
  3088 | D:4      | Your scales start taking on a lurid green colour.
  3088 | D:4      | Reached XP level 7. HP: 30/55 MP: 7/7
  3088 | D:4      | Gained mutation: Your system is resistant to poisons.
                  | (rPois) [Green Draconian growth]
  3392 | D:5      | Entered Level 5 of the Dungeon
  3415 | D:5      | Noticed Menkaure
  3423 | D:5      | HP: 4/55 [Menkaure (11)]
  3424 | D:5      | Killed Menkaure
  3425 | D:5      | Reached skill level 5 in Long Blades
  4251 | D:5      | Found Cyniezess's Assorted Antiques.
  4357 | D:6      | Reached *** piety under Trog
  4365 | D:6      | Reached skill level 7 in Bows
  4732 | D:6      | Reached XP level 8. HP: 46/61 MP: 8/8
  5509 | D:7      | Reached skill level 8 in Bows
  5560 | D:7      | HP: 9/61 [gnoll/+1 antimagic whip (2)]
  5871 | D:7      | Found a staircase to the Ecumenical Temple.
  6135 | D:7      | Noticed Pikel
  6156 | D:7      | Killed Pikel
  6157 | D:7      | Reached skill level 9 in Bows
  6157 | D:7      | Reached XP level 9. HP: 54/67 MP: 9/9
  6495 | D:7      | HP: 9/67 [something (6)]
  6508 | D:7      | HP: 6/67 [something (5)]
  6510 | D:7      | HP: 2/67 [something (4)]
  6510 | D:7      | Slain by a sky beast

Illustrated notes

Levels and vault maps discovered:
D:1:      wander_arrival_desolate, layout_basic,
          chequers_ecumenical_altar_simple, minmay_misc_feat_rugged,
          amcnicky_mini_pool_small
D:2:      layout_basic, serial_shops, nicolae_shop_behind_doors,
          minmay_distorted, uniq_terence
D:3:      layout_rooms
D:4:      layout_basic, gup_sewer_entry_bowl, hangedman_feature_mirror,
          uniq_ijyb
D:5:      layout_basic, serial_shops, nicolae_shop_advertising_works
          [nicolae_subvault_shop_adworks], uniq_menkaure
D:6:      layout_basic, hangedman_decor_push
D:7:      layout_rooms, minmay_temple_entry_drinking_statues, uniq_pikel
D:8:      layout_layer_cave, serial_shops, kennysheep_mini

Skill      XL: |  1  2  3  4  5  6  7  8 |
---------------+-------------------------+-----
Bows           | 4 5 6 7 9 |  9.4
Long Blades    | 1 2 3 4 6 8 |  8.7
Fighting       | |  2.1
Dodging        | |  1.7
Stealth        | |  0.8

Action                   |  1- 3 |  4- 6 |  7- 9 || total
-------------------------+-------+-------+-------++-------
Melee: Dagger            |     3 |     8 |       ||    11
       Tailslap          |     2 |     3 |    10 ||    15
       Short sword       |       |    20 |       ||    20
       Falchion          |       |       |   104 ||   104
       Punch             |       |       |     3 ||     3
       Unarmed           |       |       |     6 ||     6
 Fire: Shortbow          |   102 |   126 |   136 ||   364
Invok: Berserk           |     1 |     2 |     2 ||     5
 Abil: Breathe Noxious F |       |       |     7 ||     7
  Use: Scroll            |       |       |    14 ||    14
 Stab: Sleeping          |       |     2 |       ||     2
       Confused          |       |       |     2 ||     2
Armor: Skin              |    12 |    40 |    73 ||   125
Dodge: Dodged            |    28 |    59 |   140 ||   227

Table legend: (Time is in decaauts)
 A = Elapsed time spent in this place.
 B = Non-inter-level travel time spent in this place.
 C = Inter-level travel time spent in this place.
 D = Time resting spent in this place.
 E = Time spent auto-exploring this place.
 F = Levels seen in this place.
 G = Mean time per level.
                   A        B        C        D        E       F      G
               +--------+--------+--------+--------+--------+-----+--------+
         Total |   6613 |   6248 |    365 |    501 |   4667 |   9 |  734.8 |
       Dungeon |   6305 |   5940 |    365 |    500 |   4412 |   8 |  788.1 |
         Sewer |    307 |    307 |      0 |      1 |    255 |   1 |  307.0 |
               +--------+--------+--------+--------+--------+-----+--------+

Top non-repeatable levels by time:
     D:4: 1318 daAuts
     D:2: 1038 daAuts
     D:7: 1013 daAuts
     D:5: 985 daAuts
     D:6: 800 daAuts
     D:1: 718 daAuts
     D:3: 382 daAuts
   Sewer: 307 daAuts
     D:8: 49 daAuts
